 Dungeon Crawl Stone Soup version 0.18.1-5-g4a78601 (webtiles) character file.

102 shmeve the Shield-Bearer (level 4, -5/41 HPs)
             Began as a Minotaur Fighter on May 11, 2016.
             Was a Follower of Trog.
             Slain by Grinder (6 damage)
             ... on level 3 of the Dungeon.
             The game lasted 00:03:21 (1544 turns).

shmeve the Shield-Bearer (Minotaur Fighter)         Turns: 1544, Time: 00:03:22

Health: -5/41      AC: 10    Str: 21    XL:     4   Next: 49%
Magic:  3/3        EV:  4    Int:  5    God:    Trog [*.....]
Gold:   71         SH: 14    Dex: 10    Spells: 0 memorised, 3 levels left

rFire  . . .     SeeInvis .     a - +0 war axe
rCold  . . .     Gourm    .     c - +0 chain mail
rNeg   . . .     Faith    .     e - +0 large shield
rPois  .         Spirit   .     (helmet restricted)
rElec  .         Dismiss  .     n - +0 cloak
rCorr  .         Reflect  .     (no gloves)
SustAt +         Harm     .     (no boots)
MR     .....                    (no amulet)
Stlth  ..........               (no ring)
                                r - ring of sustain attributes

@: lethally poisoned (-5 -> -6), not resistant to hostile enchantments,
extremely unstealthy
A: retaliatory headbutt, horns 2
a: Berserk, Burn Spellbooks, Renounce Religion


You were on level 3 of the Dungeon.
You worshipped Trog.
Trog was aware of your devotion.
You were not hungry.

You visited 1 branch of the dungeon, and saw 3 of its levels.

You collected 71 gold pieces.

Inventory:

Hand Weapons
 a - a +0 war axe (weapon)
Armour
 c - a +0 chain mail (worn)
 e - a +0 large shield (worn)
 n - a +0 cloak (worn)
Jewellery
 r - a ring of sustain attributes (left hand)
Wands
 p - a wand of digging (11/24)
Scrolls
 b - 2 scrolls of enchant weapon {unknown}
 g - a scroll of teleportation {unknown}
 h - 3 scrolls of identify {unknown}
 i - 3 scrolls of remove curse {unknown}
 j - a scroll of enchant armour {unknown}
 k - a scroll of recharging {unknown}
Potions
 d - a potion of might
 o - a potion of haste {unknown}
 q - a potion of heal wounds {unknown}
 t - a potion of degeneration {unknown}
Comestibles
 f - 4 bread rations
 l - a royal jelly
 m - a meat ration
 s - 3 chunks of flesh


   Skills:
 * Level 4.4 Fighting
 * Level 3.3 Axes
 + Level 1.1 Throwing
 + Level 3.9 Armour
 + Level 1.4 Dodging
 * Level 4.4 Shields


You had 3 spell levels left.
You didn't know any spells.

Dungeon Overview and Level Annotations

Branches:
Dungeon (3/15)

Altars:
Qazlal
Trog

Annotations:
D:3 Grinder


Innate Abilities, Weirdness & Mutations

You reflexively headbutt those who attack you in melee.
You have a pair of horns on your head.


Message History

You barely resist. You closely miss Grinder. You headbutt Grinder.
Grinder is lightly wounded.
Grinder gestures at you. Pain shoots through your body!
* * * LOW HITPOINT WARNING * * *
You closely miss Grinder. Your headbutt misses Grinder.
Grinder is lightly wounded.
You feel sick. You block Grinder's attack. x2
You closely miss Grinder.
Grinder is lightly wounded.
Grinder gestures at you. You resist with significant effort.
Your shield prevents you from hitting Grinder.
You headbutt Grinder.
Grinder is moderately wounded.
You feel sick. Grinder hits you.
* * * LOW HITPOINT WARNING * * *
You writhe in agony.
You die...

.... #.........##...
...... #[.......)....#
#...... ##........#####
#...... #........#####
... ... #.............
....##.####............)
............###.........
........%...# #.........
.......@5...# #.........
.......)....# #.........
.....?......# ##########
............# #
###.........# #
#.........# #
#.........# #
########..# ## ..


You could see Grinder.

Vanquished Creatures
  Jessica (D:3)
  Terence (D:3)
  An adder (D:3)
  A worm (D:2)
  2 dart slugs
  2 giant geckos
  An orc (D:3)
  A ball python (D:2)
  2 giant cockroaches
  2 goblins (D:1)
  4 hobgoblins
  2 kobolds
  2 quokkas
  5 bats
  A giant newt (D:1)
  3 rats (D:2)
31 creatures vanquished.

Notes
Turn   | Place    | Note
--------------------------------------------------------------
     0 | D:1      | shmeve the Minotaur Fighter began the quest for the Orb.
     0 | D:1      | Reached XP level 1. HP: 19/19 MP: 0/0
   287 | D:1      | Reached XP level 2. HP: 24/27 MP: 1/1
   767 | D:2      | Found a bloodstained altar of Trog.
   775 | D:2      | Became a worshipper of Trog the Wrathful
   776 | D:2      | Found a stormy altar of Qazlal.
   820 | D:2      | Reached skill level 1 in Dodging
   872 | D:2      | Reached XP level 3. HP: 33/33 MP: 2/2
  1463 | D:3      | Noticed Jessica
  1467 | D:3      | Killed Jessica
  1467 | D:3      | Reached skill level 1 in Throwing
  1523 | D:3      | Noticed Grinder
  1523 | D:3      | Noticed Terence
  1532 | D:3      | Killed Terence
  1532 | D:3      | Reached XP level 4. HP: 31/41 MP: 3/3
  1534 | D:3      | Reached * piety under Trog
  1544 | D:3      | HP: 1/41 [Grinder (4)]
  1544 | D:3      | Slain by Grinder

Skill      XL: |  1  2  3 |
---------------+----------+-----
Dodging        | 1 |  1.4
Shields        | 4 |  4.4
Fighting       | 4 |  4.4
Axes           | 3 |  3.3
Throwing       | 1 |  1.1
Armour         | |  3.9

Action                   |  1- 3 |  4- 6 || total
-------------------------+-------+-------++-------
Melee: War axe           |    99 |     7 ||   106
       Headbutt          |    16 |     3 ||    19
  Eat: Chunk             |     2 |       ||     2
Armor: Chain mail        |    45 |     3 ||    48
       Scale mail        |     3 |       ||     3
Dodge: Dodged            |    11 |     2 ||    13
Block: Large shield      |    95 |     7 ||   102
       Shield            |     1 |       ||     1
